 Dungeon Crawl Stone Soup version 0.31.0-11-ge490571c62 (webtiles) character file.

Game seed: 2625557821225011386

254 Gadfly the Insei (level 5, -1/41 HPs)
             Began as a Demonspawn Monk on Feb 2, 2024.
             Slain by Edmund
             ... wielding a +2 dire flail of protection
              (12 damage)
             ... on level 4 of the Dungeon.
             The game lasted 00:06:25 (3152 turns).

Gadfly the Insei (Demonspawn Monk)                  Turns: 3152, Time: 00:06:26

Health: -1/41      AC:  3    Str: 13    XL:     5   Next: 90%
Magic:  5/5        EV: 13    Int: 10    God:
Gold:   185        SH:  0    Dex: 16    Spells: 4/4 levels left

rFire   . . .        b - +1 dagger (venom)
rCold   . . .        (no shield)
rNeg    + . .        a - +0 robe
rPois   .            (no helmet)
rElec   .            r - +0 cloak
rCorr   .            (no gloves)
SInv    .            (no boots)
Will    .....        (no amulet)
Stlth   +            d - ring of positive energy
HPRegen 0.26/turn    g - +4 ring of slaying
MPRegen 0.09/turn

%: no passive effects
@: no status effects
A: powered by death 3
a: no special abilities


You were on level 4 of the Dungeon.
You visited 1 branch of the dungeon, and saw 4 of its levels.

You collected 185 gold pieces.

Inventory:

Hand Weapons
 b - a +1 dagger of venom (weapon)
 m - a +3 vampiric hand axe
Armour
 a - a +0 robe (worn)
 c - an orb of light
 r - a +0 cloak (worn)
Jewellery
 d - a ring of positive energy (left hand)
 g - a +4 ring of slaying (right hand)
Wands
 n - a wand of mindburst (24)
Scrolls
 f - a scroll of enchant weapon
 p - 2 scrolls of teleportation
Potions
 e - 2 potions of might
 h - a potion of ambrosia
 j - a potion of berserk rage {unknown}
 k - a potion of haste
 l - a potion of attraction


   Skills:
 - Level 3.0 Fighting
 + Level 3.3 Dodging
 * Level 3.9 Unarmed Combat
 * Level 2.9 Evocations
 * Level 2.3 Shapeshifting


You had 4 spell levels left.
You didn't know any spells.
Your spell library contained the following spells:

 Spells                   Type           Power      Damage    Failure   Level
 Summon Ice Beast         Ice/Summ       0%         N/A       75%         3
 Summon Mana Viper        Hex/Summ       0%         N/A       100%        5
 Monstrous Menagerie      Summ           0%         N/A       100%        7


Dungeon Overview and Level Annotations

Branches:
Dungeon (4/15)
 Temple: D:4-7

Altars:

Annotations:
D:4 Edmund


Innate Abilities, Weirdness & Mutations

You regenerate a lot of health from kills.


Message History

Found 13 gold pieces.
Found an escape hatch in the ceiling.
i - a scroll labelled FUDAXI QEME
As you read the scroll labelled FUDAXI QEME, it crumbles to dust.
You hear the flapping of tiny wings.
It was a scroll of butterflies.
You swap places.
You swap places.
You swap places.
You swap places.
You now have 185 gold pieces (gained 13).
Edmund the Younger comes into view.
He is wielding a +2 dire flail of protection.
Edmund shouts!
Edmund misses you.
You barely miss Edmund. Edmund closely misses you.
You hit Edmund but do no damage.
Edmund is poisoned.
Edmund hits you with a +2 dire flail of protection!
You closely miss Edmund. Edmund closely misses you.
You barely miss Edmund. You punch Edmund, but do no damage.
Edmund hits you with a +2 dire flail of protection.
You hit Edmund.
Edmund looks as sick as possible!
Edmund is lightly wounded.
Edmund closely misses you.
You barely miss Edmund.
Edmund is moderately wounded.
Edmund hits you with a +2 dire flail of protection!
You barely miss Edmund.
Edmund is moderately wounded.
Edmund hits you with a +2 dire flail of protection!
* * * LOW HITPOINT WARNING * * *
You hit Edmund but do no damage.
Edmund looks as sick as possible!
Edmund is moderately wounded.
Edmund misses you.
You hit Edmund but do no damage.
Edmund looks as sick as possible!
Edmund is heavily wounded.
Edmund barely misses you.
You hit Edmund.
Edmund looks as sick as possible!
Edmund is heavily wounded.
Edmund hits you with a +2 dire flail of protection!
You die...
Edmund whines, "They better pay attention to me now!" #b# # bbb

#### #b# #... #bb#
#... #bb###...
#bb##... ##.##...
################..#.†.
#...@@..bbb.....b.#...
#.##############.....)
........##...
##########... .>..
####


You could see Edmund (extremely poisoned).

Vanquished Creatures
  Crazy Yiuf (D:3)
  2 orc priests (D:3)
  6 adders
  A dart slug (D:4)
  A ribbon worm (D:2)
  14 orcs (D:3)
  5 endoplasms
  4 giant cockroaches
  9 goblins
  7 hobgoblins
  2 jackals (D:2)
  10 kobolds
  4 quokkas
  4 ball pythons
  10 bats
  4 frilled lizards
  5 rats
89 creatures vanquished.

Notes
Turn   | Place    | Note
-------+----------+-------------------------------------------
     0 | D:1      | Gadfly the Demonspawn Monk began the quest for the Orb.
     0 | D:1      | Reached XP level 1. HP: 18/18 MP: 1/1
   110 | D:1      | Gained mutation: You regenerate a little health from kills.
                  | [demonic ancestry]
   110 | D:1      | Reached XP level 2. HP: 22/24 MP: 2/2
   214 | D:1      | Reached skill level 1 in Evocations
   801 | D:2      | Reached skill level 1 in Shapeshifting
   801 | D:2      | Gained mutation: You regenerate health from kills. [demonic
                  | ancestry]
   801 | D:2      | Reached XP level 3. HP: 27/29 MP: 3/3
  1571 | D:3      | Gained mutation: You regenerate a lot of health from kills.
                  | [demonic ancestry]
  1571 | D:3      | Reached XP level 4. HP: 34/35 MP: 4/4
  1854 | D:3      | Reached XP level 5. HP: 36/41 MP: 5/5
  2339 | D:3      | Found a runed translucent door.
  2340 | D:3      | Noticed Crazy Yiuf
  2683 | D:3      | Killed Crazy Yiuf
  3139 | D:4      | Noticed Edmund
  3152 | D:4      | Slain by Edmund

Illustrated notes

Levels and vault maps discovered:
D:1:      dpeg_arrival_morbid_curiosity, layout_loops_ring, minmay_tripent
D:2:      layout_basic
D:3:      layout_loops_ring, serial_rivers, chequers_serial_rivers_micro_b,
          chequers_serial_rivers_large_b, chequers_serial_rivers_small_3,
          chequers_serial_rivers_small_3, chequers_serial_rivers_marsh,
          grunt_ministairs_15, uniq_crazy_yiuf_cottage
D:4:      layout_basic, nicolae_dithmenos_shadow_blocks, portal_sewer_entry_e,
          uniq_eustachio, uniq_edmund

Skill      XL: |  1  2  3  4  5 |
---------------+----------------+-----
Evocations     | 1 2 |  2.9
Unarmed Combat | 3 |  3.9
Shapeshifting  | 1 2 |  2.3
Dodging        | 3 |  3.3
Fighting       | |  3.0

Action                     |  1- 3 |  4- 6 || total
---------------------------+-------+-------++-------
  Melee: Unarmed           |    37 |       ||    37
         Dagger            |    97 |   121 ||   218
         Punch             |       |     1 ||     1
    Use: Scroll            |     5 |     2 ||     7
         Potion            |     2 |     2 ||     4
 Armour: Robe              |    50 |    62 ||   112
  Dodge: Dodged            |    82 |    75 ||   157
